 Dungeon Crawl Stone Soup version 0.31-a0-174-g85c54bcb58 (webtiles) character file.

Game seed: 12687279614720958007

4323 Elmgren the Fighter (level 10, -1/67 HPs)
             Began as a Minotaur Berserker on June 15, 2023.
             Was a Priest of Trog.
             Slain by a starcursed mass (9 damage)
             ... on level 1 of the Abyss.
             The game lasted 00:15:28 (6815 turns).

Elmgren the Fighter (Minotaur Berserker)            Turns: 6815, Time: 00:15:28

Health: -1/67      AC: 17    Str: 22 (23) XL:     10   Next: 11%
Magic:  9/9        EV:  7    Int:  0      God:    Trog [***...]
Gold:   436        SH:  0    Dex:  4 (5)  Spells: 9/9 levels left

rFire   . . .        e - +2 war axe (venom)
rCold   x . .        (no shield)
rNeg    . . .        t - +2 plate armour {rC+}
rPois   .            (helmet restricted)
rElec   .            g - +0 cloak
rCorr   .            q - +2 pair of gloves
SInv    +            f - +0 pair of boots
Will    .....        (no amulet) Stlth
                     w - ring of see invisible
HPRegen 0.31/turn    (no ring)
MPRegen 0.11/turn

%: random rage (9%)
@: on berserk cooldown, slowed, lost intelligence, unable to read, unable to
drink, very slow
A: horns 2, retaliatory headbutt, [berserk 2], [clumsy 2], [deformed body],
[deterioration 2], [dopey 2], [frail 3], [screaming 2], [weak 2], [cold
vulnerability 2], [inability to drink after injury 2], [inability to read after
injury 2]
a: Renounce Religion, Berserk, Trog's Hand


You were on level 1 of the Abyss.
You worshipped Trog.
Trog was most pleased with you.
You visited 1 branch of the dungeon, and saw 8 of its levels.
You visited the Abyss 1 time.

You collected 436 gold pieces.

Inventory:

Hand Weapons
 e - a +2 war axe of venom (weapon)
Missiles
 u - a throwing net
Armour
 f - a +0 pair of boots (worn)
 g - a +0 cloak (worn)
 q - a +2 pair of gloves (worn)
 t - a +2 plate armour of cold resistance (worn)
 x - a +0 chain mail
Jewellery
 d - a +6 ring of intelligence
 n - a ring of ice
 w - a ring of see invisible (left hand)
 y - an amulet of guardian spirit
Wands
 v - a wand of quicksilver (9)
Scrolls
 a - a scroll of blinking {unknown}
 c - a scroll of enchant weapon
 j - a scroll of vulnerability
 k - 4 scrolls of identify
 r - 3 scrolls of revelation
Potions
 b - 2 potions of lignification
 h - 4 potions of curing
 i - 2 potions of enlightenment
 l - a potion of brilliance
 m - a potion of might
 o - a potion of berserk rage {unknown}
 p - 2 potions of mutation
 s - a potion of heal wounds {unknown}


   Skills:
 + Level 11.5 Fighting
 + Level 11.4 Axes
 + Level 8.8 Armour
 - Level 2.1 Dodging


You had 9 spell levels left.
You didn't know any spells.
Your spell library was empty.

Dungeon Overview and Level Annotations

Branches:
Dungeon (8/15)             Temple (0/1) D:7
   Lair: D:8-11

Altars:
Ashenzari
Hepliaklqana
Okawaru
Vehumet
Yredelemnul

Shops:
D:3 ?   D:4 (

Portals:
Bailey: D:8

Annotations:
D:3 1 runed translucent door
D:5 Dowan


Innate Abilities, Weirdness & Mutations

You have a pair of horns on your head.
You reflexively headbutt those who attack you in melee.
[You have an uncontrollable temper.]
[You are very clumsy. (Dex -4)]
[Armour fits poorly on your strangely shaped body.]
[Your body often deteriorates upon taking damage.]
[You are very dopey. (Int -4)]
[You are extremely frail. (-30% HP)]
[You frequently scream uncontrollably at your foes.]
[You are very weak. (Str -4)]
[You are very vulnerable to cold. (rC--)]
[You sometimes lose the ability to drink potions when taking damage.]
[You sometimes lose the ability to read scrolls when taking damage.]


Message History

The wretched star is almost destroyed.
The wretched star glows turbulently.
The lance of force misses you.
You closely miss the wretched star.
The wretched star is almost destroyed.
You hit the wretched star but do no damage.
Your headbutt misses the wretched star.
The wretched star is almost destroyed.
Your skin stops crawling.
You feel less strong-willed.
The wretched star pulses with an eldritch light!
You feel frail.
You hit the wretched star but do no damage.
Your headbutt misses the wretched star.
The wretched star is almost destroyed.
You hit the wretched star but do no damage.
You headbutt the wretched star, but do no damage.
The wretched star is almost destroyed.
You slash the wretched star!
You destroy the wretched star!
Trog accepts your kill.
You feel your strength returning.
You have reached level 10!
The substance of the Abyss twists violently, and a gateway leading out appears!
There is a gateway leading out of the Abyss here.
A starcursed mass comes into view.
A starcursed mass is nearby!
A starcursed mass splits.
There are monsters nearby!
There are monsters nearby!
There are monsters nearby!
A chorus of shrieks assaults your mind.
You feel threatened and lose the ability to read scrolls!
* * * LOW HITPOINT WARNING * * *
A starcursed mass splits.
The smoke demon roars!
A chorus of shrieks assaults your mind.
* * * LOW HITPOINT WARNING * * *
Your body deteriorates!
You feel clumsy. The starcursed mass touches you!
You die...

#####
#∩#.#
#.#.#
#.@##
#.#X## #
#.##XX.# #
#.#'...'
.. . #.##
..## # .
...§#. ∩.+
.
##.3§....#
#.#....# #
. .. ..#


You could see 3 starcursed masses and a smoke demon.

Vanquished Creatures
  A wretched star (Abyss:1)
  A sixfirhy (Abyss:1)
  Prince Ribbit (D:7)
  3 yaks (D:8)
  A steam dragon (D:8)
  Duvessa (D:5)
  A black bear (D:7)
  An orc warrior (D:7)
  A centaur (D:8)
  An ogre (D:5)
  2 phantoms
  A scorpion (D:5)
  A gnoll sergeant (D:8)
  The ghost of mmBingo the Sneak, an amateur FeAE (D:3)
  7 wights
  10 killer bees
  3 howler monkeys
  Crazy Yiuf (D:3)
  2 hounds
  A jelly (D:6)
  4 orc priests
  Jessica (D:3)
  A sleepcap (D:7)
  Natasha (twice) (D:2)
  4 iguanas
  5 orc wizards
  4 gnolls
  10 adders
  An ufetubus (D:5)
  4 worms
  3 dart slugs
  14 orcs
  3 bats
  5 endoplasms
  3 giant cockroaches
  7 goblins
  10 hobgoblins
  2 jackals (D:2)
  3 quokkas
  6 ball pythons
  4 frilled lizards
  8 kobolds
  10 rats
155 creatures vanquished.

Vanquished Creatures (others)
  2 goblins (D:8)
2 creatures vanquished.

Grand Total: 157 creatures vanquished

Notes
Turn   | Place    | Note
-------+----------+-------------------------------------------
     0 | D:1      | Elmgren the Minotaur Berserker began the quest for the Orb.
     0 | D:1      | Reached XP level 1. HP: 19/19 MP: 0/0
   123 | D:1      | Found a faded altar of an unknown god.
   135 | D:1      | Reached XP level 2. HP: 20/27 MP: 1/1
   750 | D:2      | Reached XP level 3. HP: 26/34 MP: 2/2
   848 | D:2      | Reached ** piety under Trog
  1170 | D:2      | Noticed Natasha
  1175 | D:2      | Killed Natasha
  1176 | D:2      | Reached skill level 5 in Axes
  1176 | D:2      | Reached XP level 4. HP: 41/41 MP: 3/3
  1181 | D:2      | Reached skill level 5 in Fighting
  1196 | D:2      | Noticed Natasha
  1210 | D:2      | Killed Natasha
  1570 | D:3      | Noticed Jessica
  1574 | D:3      | Killed Jessica
  1637 | D:3      | Found a runed translucent door.
  1641 | D:3      | Noticed mmBingo's ghost (amateur FeAE)
  1647 | D:3      | Reached XP level 5. HP: 48/48 MP: 4/4
  1650 | D:3      | Killed mmBingo's ghost
  1656 | D:3      | Found a runed translucent door.
  1767 | D:3      | Found a runed translucent door.
  1768 | D:3      | Noticed Crazy Yiuf
  1849 | D:3      | Found Taiggala's Magic Scroll Shoppe.
  2111 | D:3      | Killed Crazy Yiuf
  2276 | D:4      | Reached XP level 6. HP: 48/58 MP: 5/5
  2353 | D:4      | Found Caat's Weapon Shoppe.
  2534 | D:4      | Found a broken altar of Ashenzari.
  3279 | D:5      | Entered Level 5 of the Dungeon
  3454 | D:5      | Noticed Duvessa
  3465 | D:5      | Noticed Dowan
  3481 | D:5      | Reached XP level 7. HP: 30/66 MP: 6/6
  4015 | D:5      | Killed Duvessa
  4289 | D:5      | Found a large runed translucent door.
  4289 | D:5      | Found a large runed translucent door.
  4413 | D:5      | Reached *** piety under Trog
  4922 | D:5      | Found a radiant altar of Vehumet.
  4925 | D:5      | Found a basalt altar of Yredelemnul.
  4954 | D:6      | Identified the +1 robe of Luseqaps {Dex+4}
  4965 | D:6      | Reached XP level 8. HP: 71/75 MP: 7/7
  5488 | D:7      | Reached skill level 5 in Armour
  5817 | D:7      | Reached XP level 9. HP: 80/85 MP: 8/8
  5873 | D:7      | Noticed Prince Ribbit
  5878 | D:7      | Killed Prince Ribbit
  5879 | D:7      | Reached skill level 10 in Fighting
  5879 | D:7      | Reached skill level 10 in Axes
  6088 | D:7      | Found a staircase to the Ecumenical Temple.
  6401 | D:8      | Reached **** piety under Trog
  6414 | D:8      | Found a flagged portal.
  6432 | D:8      | Found a hazy altar of Hepliaklqana.
  6534 | D:8      | Found an iron altar of Okawaru.
  6641 | Abyss:1  | Cast into level 1 of the Abyss (gnoll)
  6649 | Abyss:1  | Noticed a sixfirhy
  6658 | Abyss:1  | Killed a sixfirhy
  6722 | Abyss:1  | Noticed an apocalypse crab
  6773 | Abyss:1  | Noticed a wretched star
  6794 | Abyss:1  | Lost intelligence.
  6795 | Abyss:1  | HP: 1/133 [rock wall collision (10)]
  6810 | Abyss:1  | Killed a wretched star
  6811 | Abyss:1  | Reached XP level 10. HP: 20/67 MP: 9/9
  6813 | Abyss:1  | Noticed a starcursed mass
  6815 | Abyss:1  | Noticed a smoke demon
  6815 | Abyss:1  | Slain by a starcursed mass

Illustrated notes

Levels and vault maps discovered:
D:1:      dpeg_arrival_short_road, layout_basic, basic_ecumenical_altar,
          minivault_23, dk_noncrumbling_4, minmay_shallow_snake_nest
D:2:      layout_rooms, uniq_natasha
D:3:      layout_basic, ebering_ghost_sewer_f, serial_shops,
          nicolae_shop_behind_doors, uniq_jessica, uniq_crazy_yiuf_cottage
D:4:      layout_loops_corners, lemuel_tele_altar, serial_shops,
          nicolae_shop_bloodbath_and_beyond
D:5:      layout_basic, jmf_multi_god_temple2, uniq_duvessa
D:6:      layout_cave_pools, hangedman_decor_growths
D:7:      layout_rooms, minmay_temple_entry_slanted, uniq_prince_ribbit1
D:8:      layout_basic, mainiacjoe_overflow_boulevard,
          mainiacjoe_overflow_tiny_flanked, jmf_multi_god_temple, enter_bailey_3
Abyss:1:  base:
D:5

Skill      XL: |  1  2  3  4  5  6  7  8  9 |
---------------+----------------------------+-----
Fighting       | 4 5 6 7 8 9 11 | 11.5
Axes           | 4 5 6 7 8 9 11 | 11.4
Armour         | 3 6 8 |  8.8
Dodging        | |  2.1

Action                     |  1- 3 |  4- 6 |  7- 9 | 10-12 || total
---------------------------+-------+-------+-------+-------++-------
  Melee: Hand axe          |    86 |   109 |    67 |       ||   262
         Headbutt          |    15 |    14 |    40 |       ||    69
         Punch             |     1 |     2 |     2 |       ||     5
         War axe           |       |       |   108 |       ||   108
 Invoke: Berserk           |       |       |     1 |       ||     1
         Trog's Hand       |       |       |     1 |       ||     1
    Use: Scroll            |     5 |     8 |     6 |       ||    19
 Armour: Animal skin       |    11 |       |       |       ||    11
         Ring mail         |     9 |    33 |     5 |       ||    47
         Scale mail        |       |       |    12 |       ||    12
         Chain mail        |       |       |    40 |       ||    40
         Plate armour      |       |       |    38 |       ||    38
  Dodge: Dodged            |    52 |    52 |    81 |       ||   185

Table legend: (Time is in decaauts)
 A = Elapsed time spent in this place.
 B = Non-inter-level travel time spent in this place.
 C = Inter-level travel time spent in this place.
 D = Time resting spent in this place.
 E = Time spent auto-exploring this place.
 F = Levels seen in this place.
 G = Mean time per level.
                   A        B        C        D        E       F      G
               +--------+--------+--------+--------+--------+-----+--------+
         Total |   6841 |   6616 |    225 |   1195 |   4324 |   9 |  760.1 |
       Dungeon |   6662 |   6437 |    225 |   1072 |   4324 |   8 |  832.8 |
         Abyss |    178 |    178 |      0 |    123 |      0 |   1 |  178.0 |
               +--------+--------+--------+--------+--------+-----+--------+

Top non-repeatable levels by time:
     D:4: 1723 daAuts
     D:5: 1004 daAuts
     D:2: 855 daAuts
     D:7: 752 daAuts
     D:3: 717 daAuts
     D:6: 668 daAuts
     D:1: 663 daAuts
     D:8: 277 daAuts
 Abyss:1: 178 daAuts
